 Dungeon Crawl Stone Soup version 0.29.1-15-g9cfb28693d (webtiles) character file.

Game seed: 16894317093538377420

84 McKennaii the Digger (level 4, 0/33 HPs)
             Began as a Demigod Earth Elementalist on Feb 25, 2023.
             Killed by divine providence
             ... invoked by an orc priest
              (12 damage)
             ... on level 2 of the Dungeon.
             The game lasted 00:00:57 (1589 turns).

McKennaii the Digger (Demigod Earth Elementalist)   Turns: 1589, Time: 00:00:58

Health: 0/33       AC:  2    Str:  9    XL:     4   Next: 4%
Magic:  3/11       EV: 12    Int: 21    God:
Gold:   124        SH:  0    Dex: 14    Spells: 8/9 levels left

rFire   . . .      SeeInvis .   (no weapon)
rCold   . . .      Faith    .   (no shield)
rNeg    . . .      Spirit   .   a - +0 robe
rPois   .          Reflect  .   (no helmet)
rElec   .          Harm     .   (no cloak)
rCorr   .          Rampage  .   (no gloves)
Will    .....                   (no boots)
Stlth   ++........              (no amulet)
HPRegen 0.11/turn               (no ring)
MPRegen 0.12/turn               (no ring)

@: no status effects
A: high MP 1, forlorn, divine attributes
a: no special abilities


You were on level 2 of the Dungeon.
You visited 1 branch of the dungeon, and saw 2 of its levels.

You collected 124 gold pieces.

Inventory:

Armour
 a - a +0 robe (worn)
Magical Staves
 e - a staff of conjuration
Scrolls
 c - 3 scrolls of teleportation {unknown}
 h - a scroll of identify {unknown}
Potions
 b - a potion of magic
 d - a potion of might {unknown}
 f - 2 potions of attraction {unknown}
 g - a potion of ambrosia {unknown}
 i - a potion of curing {unknown}


   Skills:
 - Level 1.7 Dodging
 - Level 1.7 Stealth
 + Level 3.0 Spellcasting
 - Level 0.8 Transmutations
 + Level 3.8 Earth Magic


You had 8 spell levels left.
You knew the following spells:

 Your Spells              Type           Power      Damage    Failure   Level
a - Sandblast             Erth           38%        2d10      2%          1

Your spell library contained the following spells:

 Spells                   Type           Power      Damage    Failure   Level
 Passwall                 Tmut/Erth      10%        N/A       8%          2
 Magic Dart               Conj           12%        1d3       13%         1
 Stone Arrow              Conj/Erth      22%        3d8       19%         3
 Searing Ray              Conj           6%         2d4       21%         2
 Petrify                  Tmut/Erth      12%        N/A       45%         4
 Fulminant Prism          Conj/Hex       1%         3d6       78%         4


Dungeon Overview and Level Annotations

Branches:
Dungeon (2/15)


Innate Abilities, Weirdness & Mutations

You have an increased reservoir of magic. (+10% MP)
You shall have no god before yourself.
Your divine heritage dramatically boosts your attributes as you level up.


Message History

You can't see any susceptible monsters within range! (Use Z to cast anyway.)
An orc and an orc priest come into view.
The orc priest shouts!
The orc shouts!
You hear a shout!
You can't see any susceptible monsters within range! (Use Z to cast anyway.)
There are monsters nearby!
You can't see any susceptible monsters within range! (Use Z to cast anyway.) 2 orc priests and 2 orcs come into view.
The blast of sand hits the orc priest!
The orc priest is severely wounded.
The orc shouts!
The orc priest shouts!
The orc shouts!
The orc priest calls upon Beogh to heal the orc priest.
The orc priest is healed somewhat.
The blast of sand hits the orc priest!
The orc priest is almost dead.
The blast of sand hits the orc priest!
You kill the orc priest!
The orc barely misses you.
The blast of sand hits the orc!
You kill the orc!
Your Spellcasting skill increases to level 3!
You have reached level 4!
The orc attacks as you move away! The orc completely misses you.
The blast of sand hits the orc!
You kill the orc!
The orc priest looks satisfied for a moment.
The blast of sand hits the orc priest!
The orc priest is heavily wounded.
The orc priest hits you with a +0 whip.
The blast of sand misses the orc priest.
The orc priest hits you with a +0 whip.
The orc priest mumbles some strange prayers to Beogh against you.
Beogh smites you! The orc hits you with a +0 club.
The orc priest hits you with a +0 whip.
You are too injured to fight recklessly!
Unknown command.
The orc priest attacks as you move away!
The orc priest closely misses you.
The orc priest mumbles some strange prayers to Beogh against you.
Beogh smites you!
You die...

.. .# .# ########## ###.# #
#........###...#.#
######.....>..##......#
##..$..o.......#..(<...#
......)o.##.####....g......
.......#o#.@........g......
.....oo#.#o###.##.....J....
......o#.o.###.###...##....
.......#..###..# ##### ####
.......#?###...#
.......#.##..#.###
.......#.#..##..<#
#...#####.## ##..## ##...##


You could see an orc priest and an orc.

Vanquished Creatures
  An orc priest (D:2)
  An adder (D:2)
  A gnoll (D:1)
  A dart slug (D:2)
  2 orcs (D:2)
  2 bats
  4 endoplasms
  6 hobgoblins
  A quokka (D:2)
  3 ball pythons
  A frilled lizard (D:2)
  3 goblins
  2 kobolds
  2 rats (D:2)
30 creatures vanquished.

Notes
Turn   | Place    | Note
-------+----------+-------------------------------------------
     0 | D:1      | McKennaii the Demigod Earth Elementalist began the quest
                  | for the Orb.
     0 | D:1      | Reached XP level 1. HP: 14/14 MP: 5/5
  1066 | D:1      | Reached XP level 2. HP: 20/20 MP: 2/7
  1191 | D:2      | Reached XP level 3. HP: 26/26 MP: 5/9
  1583 | D:2      | Reached XP level 4. HP: 33/33 MP: 5/11
  1589 | D:2      | Killed from afar by an orc priest

Illustrated notes

Levels and vault maps discovered:
D:1:      minmay_arrival_three_doors, layout_loops_corners,
          minmay_misc_feat_square
D:2:      cheibrodos_pilgrimage, layout_rooms,
          hellmonk_ecumenical_altar_blasted, basic_altar, minmay_misc_feat_rows,
          hangedman_abyss_or_decor_stabs, kennysheep_generic_room_4

Skill      XL: |  1  2  3 |
---------------+----------+-----
Spellcasting   | 2 3 |  3.0
Earth Magic    | 3 |  3.8
Dodging        | |  1.7
Stealth        | |  1.7
Transmutations | |  0.8

Action                   |  1- 3 |  4- 6 || total
-------------------------+-------+-------++-------
 Cast: Sandblast         |    43 |     3 ||    46
Dodge: Dodged            |    22 |     2 ||    24
